 Dungeon Crawl Stone Soup version 0.27-a0-1048-g7ee7857c10 (webtiles) character file.

Game seed: 18266152785200806709

3455 Nosferatu13666 the Covert (level 9, 0/45 HPs)
             Began as a Spriggan Brigand on Apr 20, 2021.
             Was a Follower of Dithmenos.
             Slain by a wight
             ... wielding a +0 hand axe
              (2 damage)
             ... while petrified by a basilisk
             ... on level 8 of the Dungeon.
             The game lasted 00:50:14 (9363 turns).

Nosferatu13666 the Covert (Spriggan Brigand)        Turns: 9363, Time: 00:50:15

Health: 0/45       AC:  8    Str:  7    XL:     9   Next: 78%
Magic:  18/18      EV:  4    Int: 13    God:    Dithmenos [*.....]
Gold:   401        SH:  0    Dex: 19    Spells: 17/18 levels left

rFire    . . .     SeeInvis +   a - +3 dagger
rCold    + . .     Faith    .   (shield restricted)
rNeg     + + +     Spirit   .   r - +1 robe {rC+}
rPois    ∞         Reflect  .   (helmet restricted)
rElec    .         Harm     .   c - +0 cloak
rCorr    .         Rampage  .   (gloves unavailable)
Will     +....                  (boots unavailable)
Stlth    ++++++....             o - amulet of regeneration
HPRegen  1.15/turn              g - +4 ring of protection
MPRegen  0.16/turn              x - +4 ring of evasion

@: petrified, wreathed by umbra, very quick
A: very small, no large weapons, unfitting armour, see invisible, speed 3
a: Renounce Religion


You were on level 8 of the Dungeon.
You worshipped Dithmenos.
Dithmenos was aware of your devotion.
You visited 2 branches of the dungeon, and saw 9 of its levels.
You also visited: Ossuary.

You collected 401 gold pieces.

Inventory:

Hand Weapons
 a - a +3 dagger (weapon)
 z - a +1 dagger of protection
Missiles
 t - a curare-tipped dart
 u - 4 poisoned darts (quivered)
Armour
 c - a +0 cloak (worn)
 m - the +3 robe "Soeqy" {+Inv Will- MP+9 Int+4}
   (You found it on level 7 of the Dungeon)

   It affects your intelligence (+4).
   It affects your magic capacity (+9).
   It lets you turn invisible.
   It decreases your willpower.
 r - a +1 robe of cold resistance (worn)
Jewellery
 g - a +4 ring of protection (left hand)
 j - a ring of magical power
 n - a ring of protection from fire
 o - an amulet of regeneration (around neck)
 x - a +4 ring of evasion (right hand)
Wands
 v - a wand of charming (9)
Scrolls
 f - 2 scrolls of teleportation
 i - 2 scrolls of magic mapping
 y - 5 scrolls of identify
 A - a scroll of amnesia
Potions
 b - a potion of brilliance {unknown}
 d - 3 potions of lignification
 e - 3 potions of curing
 h - a potion of mutation {unknown}
 k - a potion of flight {unknown}
 l - 2 potions of heal wounds {unknown}
 p - a potion of invisibility {unknown}
 q - a potion of attraction {unknown}
 s - 2 potions of berserk rage {unknown}
 w - 2 potions of might {unknown}


   Skills:
 + Level 4.2 Fighting
 + Level 5.5 Short Blades
 + Level 5.1 Throwing
 * Level 8.8 Dodging
 * Level 11.9 Stealth
 + Level 5.4 Spellcasting
 + Level 0.4 Hexes
 + Level 3.0 Invocations
 + Level 0.7 Evocations


You had 17 spell levels left.
You knew the following spells:

 Your Spells              Type           Power      Damage    Failure   Level
a - Corona                Hex            4%         N/A       16%         1

Your spell library contained the following spells:

 Spells                   Type           Power      Damage    Failure   Level
 Animate Skeleton         Necr           6%         N/A       19%         1
 Apportation              Tloc           6%         N/A       19%         1
 Summon Small Mammal      Summ           12%        N/A       19%         1


Dungeon Overview and Level Annotations

Branches:
Dungeon (8/15)             Temple (1/1) D:5            Lair (0/6) D:8
Ossuary (visited)

Altars:
Ashenzari
Dithmenos
Gozag
Hepliaklqana
Kikubaaqudgha
Nemelex Xobeh
Okawaru
Sif Muna
Trog
Uskayaw
Vehumet
Wu Jian
Yredelemnul
Zin
The Shining One

Annotations:
D:8 Psyche


Innate Abilities, Weirdness & Mutations

You are very small and have problems with some larger weapons.
You are too small for most types of armour.
You have supernaturally acute eyesight. (SInv)
You cover ground extremely quickly. (Speed+++)


Message History

The scorpion stings you.
The water moccasin bites you but does no damage.
The wight hits you with a +2 battleaxe of venom.
The scorpion stings you but does no damage.
A centaur zombie comes into view.
The water moccasin bites you! The basilisk gazes at you.
You resist with almost no effort.
The wight hits you from afar with a +3 halberd.
The scorpion stings you. The water moccasin barely misses you.
The wight hits you but does no damage. The scorpion stings you!
The wight hits you from afar with a +3 halberd.
The water moccasin bites you!
The scorpion stings you but does no damage.
The water moccasin bites you but does no damage.
The wight barely misses you. The wight hits you but does no damage.
The wight barely misses you.
The water moccasin bites you but does no damage.
The scorpion stings you but does no damage.
The wight hits you from afar with a +0 halberd!
The wight barely misses you.
The wight hits you from afar with a +3 halberd!
The wight hits you with a +0 hand axe! The water moccasin bites you.
The scorpion barely misses you. The wight barely misses you.
The wight hits you with a +2 battleaxe of venom.
The water moccasin bites you but does no damage.
The wight hits you but does no damage. The wight hits you with a +0 hand axe!
* * * LOW HITPOINT WARNING * * *
The scorpion stings you but does no damage.
The water moccasin bites you.
* * * LOW HITPOINT WARNING * * *
The basilisk bites you.
The wight hits you from afar with a +0 halberd.
* * * LOW HITPOINT WARNING * * *
The wight hits you with a +2 battleaxe of venom!
* * * LOW HITPOINT WARNING * * *
The wight hits you with a +0 hand axe.
You die...

l.P..... ..... #....# #.........
.....>.P ..P.. #....# #......(..
....P.P...♣P..###....# #..z.....o
.l..S................# #.......).
....!P...............###z..[.z(..
....P....PJ..........'.(....(....
.PP.................?###.........
....P.....?....lSsz..# #.........
......P. ###....@zz..# ####+#####
####### #..).z....# # #[........#
.............# .......#######
....... $..$... ..$...# ......


You could see a basilisk, a water moccasin, a scorpion, a jelly (wandering) and
4 wights.

Vanquished Creatures
  Grinder (D:4)
  A steam dragon (D:7)
  2 water moccasins
  3 orc warriors
  A sky beast (D:5)
  An ice beast (D:6)
  A centaur (D:6)
  2 necrophages
  3 ogres
  3 phantoms (D:6)
  A kobold brigand (D:6)
  3 elf zombies (Ossuary)
  2 bullfrogs (D:7)
  2 wyvern zombies (D:6)
  5 scorpions
  A wight (D:8)
  A centaur zombie (Ossuary)
  3 hounds
  5 jellies
  A human zombie (Ossuary)
  2 orc priests (D:7)
  3 iguanas (D:6)
  4 orc wizards
  2 mummies (Ossuary)
  8 gnolls
  A howler monkey skeleton (D:4)
  7 adders
  A shadow imp (D:7)
  2 white imps
  An ufetubus (D:6)
  An adder skeleton (D:4)
  2 adder zombies
  2 dart slugs
  10 orcs
  11 ball pythons
  3 bats
  9 endoplasms
  2 giant cockroaches (D:4)
  8 hobgoblins
  8 jackals
  A quokka (D:3)
  5 frilled lizards
  10 goblins
  3 goblin zombies (Ossuary)
  8 hobgoblin zombies (Ossuary)
  3 jackal zombies
  16 kobolds
  7 kobold zombies (Ossuary)
  11 orc zombies (Ossuary)
  5 rats
198 creatures vanquished.

Vanquished Creatures (others)
  A fungus (D:8)
  19 plants
  4 withered plants (D:4)
24 creatures vanquished.

Grand Total: 222 creatures vanquished

Notes
Turn   | Place    | Note
-------+----------+-------------------------------------------
     0 | D:1      | Nosferatu13666 the Spriggan Brigand began the quest for the
                  | Orb.
     0 | D:1      | Reached XP level 1. HP: 10/10 MP: 2/2
    12 | D:1      | Reached skill level 6 in Stealth
   129 | D:1      | Found a faded altar of an unknown god.
   182 | D:1      | Reached XP level 2. HP: 14/14 MP: 3/3
  1118 | D:2      | Reached XP level 3. HP: 18/18 MP: 4/4
  1216 | D:2      | Reached skill level 7 in Stealth
  1597 | D:2      | Reached skill level 1 in Spellcasting
  1597 | D:2      | Reached XP level 4. HP: 23/23 MP: 6/6
  1971 | D:3      | Found a bloodstained altar of Trog.
  2743 | D:4      | Noticed a scorpion
  2744 | D:4      | Killed a scorpion
  2745 | D:4      | Reached XP level 5. HP: 26/26 MP: 8/8
  3134 | D:4      | Reached XP level 6. HP: 28/30 MP: 10/10
  3163 | D:4      | Noticed Grinder
  3216 | D:4      | Found a sand-covered staircase.
  3221 | Ossuary  | Entered an ossuary
  3441 | Ossuary  | Reached skill level 8 in Stealth
  3960 | Ossuary  | Reached XP level 7. HP: 31/35 MP: 11/11
  4356 | D:4      | Reached skill level 5 in Dodging
  4468 | D:4      | Paralysed by Grinder for 6 turns
  4702 | D:4      | Paralysed by Grinder for 6 turns
  4805 | D:4      | Paralysed by Grinder for 4 turns
  4825 | D:4      | Paralysed by Grinder for 6 turns
  4903 | D:4      | Killed Grinder
  4904 | D:4      | Reached skill level 9 in Stealth
  4963 | D:5      | Entered Level 5 of the Dungeon
  5107 | D:5      | Reached XP level 8. HP: 40/40 MP: 12/14
  5182 | D:5      | Found a staircase to the Ecumenical Temple.
  5188 | Temple   | Entered the Ecumenical Temple
  5201 | Temple   | Became a worshipper of Dithmenos the Shadowed
  5765 | D:5      | Reached skill level 10 in Stealth
  6468 | D:6      | Reached skill level 1 in Invocations
  7176 | D:6      | Reached * piety under Dithmenos
  7198 | D:6      | Reached XP level 9. HP: 45/45 MP: 16/16
  7280 | D:6      | Reached skill level 5 in Short Blades
  7280 | D:6      | Reached skill level 11 in Stealth
  8225 | D:7      | Reached skill level 5 in Spellcasting
  8692 | D:7      | Identified the +3 robe "Soeqy" {+Inv Will- MP+9 Int+4}
  9010 | D:7      | Learned a level 1 spell: Corona
  9152 | D:7      | Reached skill level 5 in Throwing
  9296 | D:8      | Found a staircase to the Lair.
  9297 | D:8      | Noticed Psyche
  9363 | D:8      | HP: 2/45 [wight/+2 battleaxe of venom (5)]
  9363 | D:8      | Slain by a wight

Illustrated notes

Levels and vault maps discovered:
D:1:      eino_arrival_cavern_d, layout_basic,
          ebering_ecumenical_altar_petrified
D:2:      layout_loops_ring, lexackson_kobold_supper
D:3:      layout_loops_ring, lemuel_tele_altar
D:4:      layout_rooms, serial_undead, serial_undead_e, serial_undead_a,
          serial_undead_e, serial_undead_b, enter_ossuary_2, uniq_grinder
D:5:      layout_layer_cave, minmay_temple_entry_wispy,
          hangedman_minor_gate_pass
D:6:      minmay_clustersquares, layout_cave_pools
D:7:      cheibrodos_quashed, layout_gridville, kennysheep_generic_room_12
D:8:      layout_basic, minmay_lair_entry_grove, minmay_misc_feat_hallway,
          uniq_maggie, uniq_psyche, uniq_prince_ribbit1
Temple:   compressed_dpeg_triangle_lava_temple

Skill      XL: |  1  2  3  4  5  6  7  8  9 |
---------------+----------------------------+-----
Stealth        | 6 7 8 9 10 11 | 11.9
Dodging        | 2 3 4 5 7 8 |  8.8
Spellcasting   | 1 2 3 4 5 |  5.4
Fighting       | 2 3 4 |  4.2
Short Blades   | 3 4 5 |  5.5
Throwing       | 3 4 5 |  5.1
Invocations    | 1 3 |  3.0
Hexes          | |  0.4
Evocations     | |  0.7

Action                   |  1- 3 |  4- 6 |  7- 9 || total
-------------------------+-------+-------+-------++-------
Melee: Dagger            |   103 |   465 |   608 ||  1176
Throw: Dart              |     9 |    30 |   145 ||   184
  Use: Scroll            |       |       |    12 ||    12
       Potion            |       |       |     2 ||     2
 Stab: Sleeping          |     9 |    13 |    19 ||    41
       Distracted        |       |     2 |     2 ||     4
Armor: Robe              |    20 |    87 |    61 ||   168
Dodge: Dodged            |    71 |   331 |   450 ||   852

Table legend: (Time is in decaauts)
 A = Elapsed time spent in this place.
 B = Non-inter-level travel time spent in this place.
 C = Inter-level travel time spent in this place.
 D = Time resting spent in this place.
 E = Time spent auto-exploring this place.
 F = Levels seen in this place.
 G = Mean time per level.
                   A        B        C        D        E       F      G
               +--------+--------+--------+--------+--------+-----+--------+
         Total |   6549 |   6401 |    148 |    398 |   3158 |  10 |  654.9 |
       Dungeon |   5912 |   5764 |    148 |    398 |   3158 |   8 |  739.0 |
        Temple |     19 |     19 |      0 |      0 |      0 |   1 |   19.0 |
       Ossuary |    617 |    617 |      0 |      0 |      0 |   1 |  617.0 |
               +--------+--------+--------+--------+--------+-----+--------+

Top non-repeatable levels by time:
     D:5: 1079 daAuts
     D:4: 1013 daAuts
     D:6: 971 daAuts
     D:7: 814 daAuts
     D:2: 782 daAuts
 Ossuary: 617 daAuts
     D:1: 589 daAuts
     D:3: 546 daAuts
     D:8: 115 daAuts
  Temple: 19 daAuts
